Map: Ever Dream LE

Players

AGOElazer (Elazer) - Winner!

  • Race: Zerg Zerg
  • League: Master
  • Spawn Location: 7:00

Serral

  • Race: Zerg Zerg
  • League: Master
  • Spawn Location: 1:00

Event: DreamHack SC2 Masters 2020 Fall

VOD

Have the link to the VOD?

Description

Time

  • Played on: Sept. 8, 2020, 11:15 a.m.
  • Length: 3:51

All games in this series

Show
View Real Time Build Order
Export as new Build Order

AGOElazer Zerg - Winner!

Build Orders: Hatch First 

Get SALT Encoding   

  12  0:00  Drone  
  13  0:12  Overlord  
  13  0:16  Drone  
  14  0:30  Drone x2  
  16  0:47  Hatchery  
  15  0:54  Extractor  
  14  1:04  Spawning Pool  
  14  1:06  Drone  
  15  1:11  Drone  
  15  1:15  Drone  
  16  1:19  Drone  
  17  1:51  Queen, Zergling x2  
  20  1:57  Metabolic Boost, Zergling x2  
  20  1:58  Queen  
  23  2:02  Zergling x2  
  24  2:08  Overlord  
  24  2:12  Zergling x2  
  24  2:15  Zergling x2  
  26  2:23  Overlord  
  26  2:24  Zergling x2  
  27  2:31  Zergling x2  
  27  2:32  Zergling x2  
  29  2:41  Evolution Chamber  
  29  2:43  Zergling x2  
  29  2:45  Zergling x2  
  30  2:52  Zergling x2  
  30  2:54  Zergling x2  
  32  2:59  Zergling x2  
  32  3:00  Zergling x6  
  32  3:04  Zergling x2  
  37  3:06  Zergling x2  
  37  3:11  Zergling x2  
  39  3:15  Zergling x4  
  39  3:19  Zergling x2  
  42  3:31  Zergling x6  
Show
View Real Time Build Order
Export as new Build Order

Serral Zerg 

Build Orders: Hatch First 

Get SALT Encoding   

  12  0:00  Drone  
  13  0:12  Overlord  
  13  0:16  Drone  
  14  0:30  Drone x2  
  16  0:47  Hatchery  
  15  0:51  Drone  
  15  0:54  Drone  
  17  0:58  Drone  
  18  1:08  Extractor  
  17  1:13  Spawning Pool  
  17  1:16  Drone  
  17  1:18  Drone  
  18  1:28  Drone  
  19  1:39  Drone  
  20  1:49  Drone  
  21  1:59  Queen x2  
  21  2:01  Zergling x2, Overlord  
  26  2:10  Drone x2  
  28  2:20  Drone  
  28  2:21  Drone  
  30  2:31  Hatchery  
  30  2:35  Zergling x2  
  30  2:36  Drone  
  31  2:44  Queen  
  31  2:48  Overlord  
  33  2:51  Drone  
  33  2:54  Drone  
  33  2:55  Drone  
  36  3:02  Evolution Chamber  
  36  3:04  Drone  
  36  3:12  Evolution Chamber  
  35  3:17  Evolution Chamber  
  35  3:18  Evolution Chamber  
  34  3:24  Roach Warren  
  34  3:27  Overlord  
  35  3:35  Evolution Chamber  

Tags
 
Add a new tag
Caveats
  • Supply blocks, unpowered buildings, or Contaminate may cause inaccurate times.
  • Supply counts are checked every 10 seconds.